 Dungeon Crawl Stone Soup version 0.30.1 (webtiles) character file.

Game seed: 7282675219548520231

86 spardeous the Digger (level 4, 18/18 HPs)
             Began as a Felid Earth Elementalist on July 14, 2023.
             Got out of the dungeon alive.
             The game lasted 00:04:32 (1918 turns).

spardeous the Digger (Felid Earth Elementalist)     Turns: 1918, Time: 00:04:33

Health: 18/18      AC:  1    Str:  4    XL:     4   Next: 26%
Magic:  8/8        EV: 18    Int: 18    God:
Gold:   84         SH:  0    Dex: 16    Spells: 3/7 levels left
                                        Lives:  0   Deaths: 1

rFire   . . .        (weapon unavailable)
rCold   . . .        (shield unavailable)
rNeg    . . .        (body armour unavailable)
rPois   .            (helmet unavailable)
rElec   .            (cloak unavailable)
rCorr   .            (gloves unavailable)
SInv    +            (boots unavailable)
Will    .....        (no amulet)
Stlth   ++           (no ring)
HPRegen 0.23/turn    (no ring)
MPRegen 0.11/turn

%: no passive effects
@: quick
A: very small, claws 1, fangs 3, see invisible, speed 1, shaggy fur 1, stealthy
paws, no weapons or thrown items, no armour, multi-lived
a: no special abilities


You escaped.
You visited 1 branch of the dungeon, and saw 4 of its levels.

You collected 84 gold pieces.

Inventory:

Scrolls
 b - a scroll of teleportation {unknown}
 d - 2 scrolls of identify {unknown}
 f - a scroll of noise {unknown}
 g - a scroll of vulnerability {unknown}
 i - a scroll of torment {unknown}
 j - a scroll of magic mapping {unknown}
Potions
 a - a potion of magic
 c - a potion of heal wounds {unknown}
 e - a potion of attraction {unknown}
 h - a potion of berserk rage {unknown}
 k - a potion of brilliance {unknown}
 l - 2 potions of curing {unknown}
 m - a potion of might {unknown}


   Skills:
 + Level 3.2 Dodging
 - Level 2.6 Stealth
 - Level 2.0 Spellcasting
 - Level 1.1 Transmutations
 + Level 5.1 Earth Magic


You had 3 spell levels left.
You knew the following spells:

 Your Spells              Type           Power      Damage    Failure   Level
a - Sandblast             Erth           40%        2d10      2%          1
b - Stone Arrow           Conj/Erth      22%        3d8       19%         3

Your spell library contained the following spells:

 Spells                   Type           Power      Damage    Failure   Level
 Passwall                 Tmut/Erth      10%        N/A       8%          2
 Petrify                  Tmut/Erth      13%        N/A       45%         4


Dungeon Overview and Level Annotations

Branches:
Dungeon (4/15)
 Temple: D:4-7

Altars:
Zin

Annotations:
D:4 Pikel


Innate Abilities, Weirdness & Mutations

You have sharp claws.
You have razor-sharp teeth.
You have supernaturally acute eyesight. (SInv)
You cover ground quickly. (Speed+)
You are covered in fur. (AC +1)
Your paws help you pounce on unaware monsters.
You are incapable of wielding weapons or throwing items.
You cannot wear armour.
You gain extra lives every three experience levels.


Message History

Aim: an orc, wielding a +0 flail and wearing a +0 chain mail (lightly wounded, 87% to hit)
The blast of sand hits the orc.
You kill the orc!
Casting: Sandblast (safe; 2% risk of failure)
Confirm with . or Enter, or press ? or * to list all spells.
You can't see any susceptible monsters within range! (Use Z to cast anyway.) Unknown command.
Casting: Sandblast (safe; 2% risk of failure)
Confirm with . or Enter, or press ? or * to list all spells.
You can't see any susceptible monsters within range! (Use Z to cast anyway.) Unknown command.
Casting: Sandblast (safe; 2% risk of failure)
Confirm with . or Enter, or press ? or * to list all spells.
You can't see any susceptible monsters within range! (Use Z to cast anyway.)
(D) Dungeon
Where to? (Enter - D:3, ? - help)
Things that are here:
a +0 flail; a +0 chain mail; an orc corpse
There is an open door here.
There is a stone staircase leading up here.
You climb upwards.
There is a stone staircase leading down here.
(D) Dungeon
Where to? (Enter - D:3, ? - help) Magic restored.
There is a stone staircase leading up here.
You climb upwards.
There is a stone staircase leading down here.
(D) Dungeon
Where to? (Enter - D:2, ? - help)
There is a stone staircase leading up here.
You climb upwards.
There is a stone staircase leading down here.
(D) Dungeon
Where to? (Enter - D:1, ? - help)
Okay, then.
You see here a +0 sling.
There is a staircase leading out of the dungeon here.
Are you sure you want to leave the Dungeon?
This will make you lose the game!
You have escaped!

### ### ##.# ###
##.## ##.#.
##.###.#.##
##.###
#@#.#.###.###.##
# ####.##
##.#.## ###
##.## ### ###
#.# ###


There were no monsters in sight!

Vanquished Creatures
  A lemure (D:4)
  A scorpion (D:4)
  An iguana (D:4)
  3 adders
  A dart slug (D:4)
  2 orcs (D:4)
  3 endoplasms
  2 giant cockroaches (D:1)
  2 hobgoblins
  2 jackals (D:1)
  3 kobolds
  A quokka (D:1)
  A ball python (D:1)
  2 frilled lizards
  6 rats
31 creatures vanquished.

Notes
Turn   | Place    | Note
-------+----------+-------------------------------------------
     0 | D:1      | spardeous the Felid Earth Elementalist began the quest for
                  | the Orb.
     0 | D:1      | Reached XP level 1. HP: 7/7 MP: 4/4
   167 | D:1      | Reached skill level 3 in Earth Magic
   278 | D:1      | Reached XP level 2. HP: 11/11 MP: 3/6
   682 | D:2      | Reached skill level 4 in Earth Magic
   682 | D:2      | Reached XP level 3. HP: 8/14 MP: 4/7
   862 | D:4      | Noticed a scorpion
  1083 | D:4      | Killed a scorpion
  1084 | D:4      | Reached XP level 4. HP: 18/18 MP: 6/8
  1135 | D:4      | Reached skill level 5 in Earth Magic
  1157 | D:4      | Learned a level 3 spell: Stone Arrow
  1158 | D:4      | Noticed Pikel
  1158 | D:4      | Noticed a lemure
  1158 | D:4      | Noticed a lemure
  1158 | D:4      | Noticed a lemure
  1169 | D:4      | Noticed a lemure
  1318 | D:4      | Killed a lemure
  1433 | D:4      | Mangled by Pikel
  1434 | D:4      | Reached XP level 3. HP: -6/14 MP: 1/7
  1551 | D:4      | Found a glowing silver altar of Zin.
  1700 | D:4      | Reached XP level 4. HP: 18/18 MP: 5/8
  1918 | D:$      | Got out of the dungeon alive.

Illustrated notes

Levels and vault maps discovered:
D:1:      nagdon_arrival_zigzag_paths, layout_loops_ring
D:2:      layout_loops_ring, basic_ecumenical_altar, minmay_misc_feat_alley,
          uniq_crazy_yiuf_cottage
D:3:      layout_basic, grunt_qazlal_clouds, uniq_natasha
D:4:      layout_loops_corners, grunt_dithmenos_smoke_and_mirrors, zin_academy,
          uniq_pikel

Skill      XL: |  1  2  3  4 |
---------------+-------------+-----
Earth Magic    | 3 4 5 |  5.1
Dodging        | 3 |  3.2
Stealth        | |  2.6
Spellcasting   | |  2.0
Transmutations | |  1.1

Action                     |  1- 3 |  4- 6 || total
---------------------------+-------+-------++-------
   Cast: Sandblast         |    43 |    36 ||    79
 Armour: Skin              |     1 |       ||     1
  Dodge: Dodged            |    10 |    13 ||    23
